 Dungeon Crawl Stone Soup version 0.29.0-11-gd7f09526c8 (webtiles) character file.

Game seed: 13663470839202116996

668 Arum the Trooper (level 7, -3/58 HPs)
             Began as a Formicid Fighter on Sept 4, 2022.
             Was an Initiate of Ashenzari.
             Slain by an orc warrior
             ... wielding a +0 glaive
              (23 damage)
             ... on level 5 of the Dungeon.
             The game lasted 00:06:54 (5334 turns).

Arum the Trooper (Formicid Fighter)                 Turns: 5334, Time: 00:06:55

Health: -3/58      AC: 11    Str: 23    XL:     7   Next: 88%
Magic:  7/7        EV:  7    Int:  7    God:    Ashenzari [......]
Gold:   270        SH:  5    Dex: 13    Spells: 6/6 levels left

rFire   . . .      SeeInvis +   F - +3 quarterstaff (chaos)
rCold   . . .      Faith    .   c - +0 buckler "Ensconced Affliction" {Cun, Elem} (curse)
rNeg    . . .      Spirit   .   b - +0 chain mail
rPois   .          Reflect  .   (helmet unavailable)
rElec   .          Harm     .   s - +0 cloak
rCorr   .          Rampage  .   (no gloves)
Will    .....                   (no boots)
Stlth   ..........              (no amulet)
HPRegen 0.19/turn               (no ring)
MPRegen 0.10/turn               (no ring)

@: no status effects
A: permanent stasis, dig shafts and tunnels, antennae 3, four strong arms
a: Dig, Shaft Self, Renounce Religion, Shatter the Chains


You were on level 5 of the Dungeon.
You worshipped Ashenzari.
Ashenzari was noncommittal.
You visited 1 branch of the dungeon, and saw 5 of its levels.
You also visited: Sewer.

You collected 270 gold pieces.

Inventory:

Hand Weapons
 a - a +0 flail
 F - a +3 quarterstaff of chaos (weapon)
Missiles
 D - 5 javelins
Armour
 b - a +0 chain mail (worn)
 c - the cursed +0 buckler "Ensconced Affliction" (worn) {Cun, Elem}

   It has a curse which improves the following skills: Cunning: Dodging and
   Stealth.
   Elements:  Fire Magic, Ice Magic, Air Magic and Earth Magic.
 d - a +0 troll leather armour {Pargi}
 s - a +0 cloak (worn)
 A - a +0 kite shield
 G - a +0 cloak
Jewellery
 o - an amulet of magic regeneration
 p - a ring of resist corrosion
 C - a ring of wizardry
Wands
 y - a wand of flame (11)
Scrolls
 e - 4 scrolls of magic mapping
 f - 2 scrolls of blinking {unknown}
 g - 4 scrolls of teleportation {unknown}
 h - 2 scrolls of vulnerability {unknown}
 i - a scroll of fear {unknown}
 n - 4 scrolls of identify {unknown}
 r - 3 scrolls of brand weapon {unknown}
 u - a scroll of fog {unknown}
 z - a scroll of amnesia {unknown}
 B - a scroll of enchant weapon {unknown}
 E - a scroll of enchant armour {unknown}
Potions
 j - 2 potions of flight {unknown}
 k - 3 potions of resistance
 l - 3 potions of heal wounds {unknown}
 m - a potion of degeneration {unknown}
 q - a potion of haste {unknown}
 t - a potion of attraction {unknown}
 v - a potion of lignification {unknown}
 w - 3 potions of brilliance {unknown}
 x - a potion of curing {unknown}


   Skills:
 + Level 6.0 Fighting
 + Level 4.9 Maces & Flails
 + Level 6.0 Armour
 - Level 4.0 Shields


You had 6 spell levels left.
You didn't know any spells.
Your spell library contained the following spells:

 Spells                   Type           Power      Damage    Failure   Level
 Ignite Poison            Fire/Tmut/Pois 0%         N/A       100%        3
 Mephitic Cloud           Conj/Pois/Air  0%         N/A       100%        3
 Freezing Cloud           Conj/Ice/Air   0%         6-21      100%        5


Dungeon Overview and Level Annotations

Branches:
Dungeon (5/15)             Temple (0/1) D:4           Sewer (visited)

Altars:
Ashenzari

Shops:
D:4 :

Annotations:
D:3 3 runed translucent doors, Asparus's ghost, amateur OpCj


Innate Abilities, Weirdness & Mutations

You cannot be hasted, slowed, berserked, paralysed or teleported.
You can dig through walls and to a lower floor.
You have a pair of large antennae on your head. (SInv)
Your four strong arms can wield two-handed weapons with a shield.


Message History

You sock the hound!
The hound is poisoned.
The hound is severely wounded.
You block the hound's attack.
You closely miss the hound.
The hound is almost dead.
You kill the hound!
No target in view!
You now have 270 gold pieces (gained 15).
An orc warrior comes into view. It is wielding a +0 glaive.
Found 11 gold pieces.
The orc warrior shouts!
An orc comes into view. It is wielding a +0 hand axe.
An orc wizard comes into view. It is wielding a +0 dagger.
There are monsters nearby!
There are monsters nearby!
An orc comes into view. It is wielding a +0 club.
The orc shouts! x2; The orc wizard shouts!
The orc warrior barely misses you.
You hit the orc warrior.
The orc warrior is poisoned.
The orc warrior is lightly wounded.
The orc warrior hits you with a +0 glaive!
You closely miss the orc warrior.
The orc warrior is lightly wounded.
The orc warrior hits you with a +0 glaive!
The orc wizard casts a spell at you. The magic dart hits you.
You hit the orc warrior but do no damage.
The orc warrior is lightly wounded.
The orc warrior barely misses you.
The orc wizard gestures at you while chanting.
The puff of flame hits you.
You hit the orc warrior but do no damage.
The orc warrior looks as sick as possible!
The orc warrior is moderately wounded.
The orc warrior hits you with a +0 glaive!
The orc wizard hits you but does no damage.
You closely miss the orc warrior.
The orc warrior is moderately wounded.
The orc warrior hits you with a +0 glaive!!
You die...

# #+# ####..# ....
###.....####
....$#...#......#
...#...#..(...########
.....#.............#
#ooo........).....#
#.@o..............#
###........#.....##
#........#.###.#
###......#.# #.##
#......#.# #...
########......#ยง######
#.......#.#......#
#.......#.#......#
#.......#.#......#


You could see an orc warrior (very poisoned), an orc wizard and 2 orcs.

Vanquished Creatures
  Eustachio (D:5)
  A water moccasin (D:5)
  Pargi (Sewer)
  A jelly (D:4)
  A hound (D:5)
  Crazy Yiuf (D:4)
  3 gnolls (D:4)
  6 adders
  An ufetubus (D:4)
  3 worms (D:4)
  An orc (D:2)
  5 ball pythons
  14 endoplasms
  4 giant cockroaches (D:1)
  6 hobgoblins
  4 jackals
  6 bats
  5 frilled lizards
  8 goblins
  11 kobolds
  2 rats
85 creatures vanquished.

Notes
Turn   | Place    | Note
-------+----------+-------------------------------------------
     0 | D:1      | Arum the Formicid Fighter began the quest for the Orb.
     0 | D:1      | Reached XP level 1. HP: 18/18 MP: 1/1
   115 | D:1      | Reached XP level 2. HP: 22/24 MP: 2/2
   793 | D:1      | Reached XP level 3. HP: 5/30 MP: 3/3
  1578 | D:2      | Reached XP level 4. HP: 15/37 MP: 4/4
  2422 | D:3      | Found a runed translucent gate.
  2422 | D:3      | Found a runed translucent gate.
  2424 | D:3      | Found a runed translucent gate.
  2425 | D:3      | Noticed Asparus's ghost (amateur OpCj)
  2428 | D:3      | Identified the +3 ring mail of the Eternal Fruit {rCorr
                  | Dex+5}
  3061 | D:4      | Found a broken altar of Ashenzari.
  3078 | D:4      | Reached XP level 5. HP: 23/42 MP: 5/5
  3089 | D:4      | Became a worshipper of Ashenzari the Shackled
  3402 | D:4      | Found Leyje's Tremendous Tomes.
  3467 | D:4      | Found a glowing drain.
  3502 | Sewer    | Entered a sewer
  3739 | Sewer    | Noticed Pargi
  3754 | Sewer    | Killed Pargi
  3755 | Sewer    | Reached skill level 5 in Fighting
  3755 | Sewer    | Reached skill level 5 in Armour
  3755 | Sewer    | Reached XP level 6. HP: 18/51 MP: 6/6
  4124 | D:4      | Found a staircase to the Ecumenical Temple.
  4656 | D:4      | Found a runed translucent door.
  4657 | D:4      | Noticed Crazy Yiuf
  4668 | D:4      | Killed Crazy Yiuf
  5138 | D:5      | Entered Level 5 of the Dungeon
  5145 | D:5      | Noticed Eustachio
  5160 | D:5      | Killed Eustachio
  5161 | D:5      | Reached XP level 7. HP: 33/56 MP: 7/7
  5300 | D:5      | Noticed a water moccasin
  5305 | D:5      | Killed a water moccasin
  5334 | D:5      | Slain by an orc warrior

Illustrated notes

Levels and vault maps discovered:
D:1:      lemuel_arrival_river_ford, layout_basic, minmay_misc_feat_plants
D:2:      layout_basic
D:3:      layout_basic, biasface_ghost_orc_armoury
D:4:      layout_gridville, cheibrodos_ashenzari_chains,
          minmay_temple_entry_wispy, cheibrodos_sewer_entry_bend,
          minmay_misc_feat_tiny, nicolae_shop_i_like_big_books,
          uniq_crazy_yiuf_cottage
D:5:      layout_basic, mainiacjoe_overflow_boulevard,
          gammafunk_temple_overflow_wave, uniq_eustachio, uniq_blork_the_orc

Skill      XL: |  1  2  3  4  5  6  7 |
---------------+----------------------+-----
Fighting       | 4 5 6 |  6.0
Armour         | 4 5 6 |  6.0
Maces & Flails | 3 4 |  4.9
Shields        | |  4.0

Action                   |  1- 3 |  4- 6 |  7- 9 || total
-------------------------+-------+-------+-------++-------
Melee: Flail             |   114 |   200 |       ||   314
       Quarterstaff      |       |     4 |    11 ||    15
Invok: Curse Item        |       |     1 |       ||     1
 Abil: Dig               |     4 |     2 |       ||     6
Evoke: Wand              |       |     4 |       ||     4
  Use: Scroll            |       |     1 |       ||     1
       Potion            |       |     1 |       ||     1
 Stab: Distracted        |       |     1 |       ||     1
Armor: Scale mail        |    75 |       |       ||    75
       Chain mail        |     6 |   127 |     2 ||   135
Dodge: Dodged            |    88 |   105 |     6 ||   199
Block: Buckler           |    32 |    63 |     1 ||    96
